 Dungeon Sprint DCSS version 0.29-a0-700-g2f1814c7b2 (webtiles) character file.

Game seed: 6471341038298658885

26035 mhtbhm the Ninja (level 12, -2/58 HPs)
             Began as a Spriggan Enchanter on June 25, 2022.
             Was the Champion of Dithmenos.
             Shot with an arrow by a deep elf master archer (14 damage)
             ... in the Dungeon (Sprint I: "Red Sonja").
             The game lasted 00:17:28 (5187 turns).

mhtbhm the Ninja (Spriggan Enchanter)               Turns: 5187, Time: 00:17:28

Health: -2/58      AC:  7    Str:  4    XL:     12   Next: 94%
Magic:  28/32      EV: 29    Int: 16    God:    Dithmenos [******]
Gold:   2120       SH:  0    Dex: 24    Spells: 25/41 levels left

rFire   + . .      SeeInvis +   a - +0 rapier (freeze)
rCold   + . .      Faith    .   (no shield)
rNeg    . . .      Spirit   .   b - +2 robe of the Garden {rC+ Dex+3}
rPois   +          Reflect  .   u - +2 hood of the Assassin {Detection Stab+ Stlth++}
rElec   .          Harm     .   p - +0 cloak
rCorr   .          Rampage  .   (gloves unavailable)
Will    +++..      NoTele   +   (boots unavailable) Stlth **++++++++
                                (no amulet)
HPRegen 0.19/turn               n - ring of poison resistance
MPRegen 0.23/turn               t - ring of protection from fire

@: confusing by touch, wreathed by umbra, unable to drink, slow
A: very small, no large weapons, unfitting armour, see invisible, speed 3,
strong-willed 1, inability to drink while threatened 1
a: Renounce Religion, Shadow Step, Shadow Form


You were in the Dungeon.
You worshipped Dithmenos.
Dithmenos was exalted by your worship.
You visited 1 branch You collected 5091 gold pieces.
You spent 2971 gold pieces at shops.

Inventory:

Hand Weapons
 a - a +0 rapier of freezing (weapon)
 q - a +0 dagger of holy wrath
Missiles
 l - 2 curare-tipped darts (quivered)
Armour
 b - the +2 robe of the Garden (worn) {rC+ Dex+3}
   (You bought it in a shop in the Dungeon)

   Dex:       It affects your dexterity (+3).
   rC:        It protects you from cold.
 p - a +0 cloak (worn)
 u - the +2 hood of the Assassin (worn) {Detection Stab+ Stlth++}
   (You bought it in a shop in the Dungeon)

   It allows the wearer to sense nearby creatures.
   It allows the wearer to make particularly effective stabbing attacks against
   helpless or unaware enemies with any weapon.
   Stlth:     It makes you much more stealthy.
Jewellery
 k - an amulet of guardian spirit
 n - a ring of poison resistance (left hand)
 t - a ring of protection from fire (right hand)
 x - a ring of resist corrosion
 y - a ring of fire
Wands
 h - a wand of mindburst (10)
Scrolls
 j - 3 scrolls of enchant weapon
 m - 2 scrolls of poison
 s - 4 scrolls of blinking
 v - a scroll of silence
 w - a scroll of fear
Potions
 c - 3 potions of invisibility
 d - 6 potions of curing
 e - 3 potions of heal wounds
 f - 2 potions of haste
 g - 2 potions of magic
Miscellaneous
 r - a lightning rod (4/4)
 z - a box of beasts


   Skills:
 + Level 4.5 Fighting
 + Level 10.9 Short Blades
 + Level 11.6 Dodging
 O Level 27 Stealth
 + Level 15.3 Spellcasting
 + Level 3.2 Conjurations
 + Level 17.1 Hexes
 + Level 3.4 Transmutations
 + Level 4.3 Ice Magic
 + Level 3.7 Earth Magic
 * Level 15.8 Invocations
 + Level 1.6 Evocations


You had 25 spell levels left.
You knew the following spells:

 Your Spells              Type           Power      Damage    Failure   Level
a - Ensorcelled Hibernat  Hex/Ice        92%        N/A       1%          2
b - Confusing Touch       Hex            61%        N/A       0%          3
c - Tukima's Dance        Hex            61%        N/A       0%          3
d - Dazzling Flash        Conj/Hex       88%        N/A       1%          3
e - Passwall              Tmut/Erth      19%        N/A       1%          2
f - Swiftness             Air            12%        N/A       16%         3

Your spell library contained the following spells:

 Spells                   Type           Power      Damage    Failure   Level
 Iskenderun's Mystic Bla  Conj/Tloc      17%        2d5       26%         4
 Starburst                Conj/Fire      8%         6d4       99%         6


Dungeon Overview and Level Annotations

Branches:
Dungeon (1/1)

Altars:
Cheibriados
Dithmenos
Elyvilon
Fedhas
Gozag
Hepliaklqana
Kikubaaqudgha
Makhleb
Nemelex Xobeh
Okawaru
Qazlal
Ru
Sif Muna
Trog
Uskayaw
Vehumet
Wu Jian
Xom
Yredelemnul
Zin
The Shining One
Jiyva
Lugonu

Shops:
D =?[[[[==[!?:[[(?[(![[:

Annotations:
D Tiamat


Innate Abilities, Weirdness & Mutations

You are very small and have problems with some larger weapons.
You are too small for most types of armour.
You have supernaturally acute eyesight. (SInv)
You cover ground extremely quickly. (Speed+++)
You are strong-willed. (Will+)
You occasionally lose the ability to drink potions when taking damage.


Message History

The deep elf master archer shoots an arrow.
The arrow misses you.
The deep elf master archer shoots an arrow.
The arrow completely misses you.
Your unstable footing causes you to fumble your attack.
The deep elf master archer shoots an arrow.
The arrow closely misses you.
Your unstable footing causes you to fumble your attack.
The deep elf master archer shoots an arrow.
The arrow closely misses you.
The deep elf master archer shoots an arrow.
The arrow misses you.
Your unstable footing causes you to fumble your attack.
The deep elf master archer is no longer blind.
The deep elf master archer shoots an arrow.
The arrow hits you!!
You feel threatened and lose the ability to drink potions!
* * * LOW HITPOINT WARNING * * *
You emit a cloud of dark smoke.
You cannot drink potions in your current state!
Unknown command.
You cannot drink potions in your current state!
Unknown command.
The deep elf master archer shoots an arrow.
The arrow closely misses you.
The deep elf master archer unwields a +0 longbow.
The deep elf master archer barely misses you.
You cannot drink potions in your current state!
Unknown command.
Okay, then.
Casting: Dazzling Flash (safe; 1% risk of failure)
Confirm with . or Enter, or press ? or * to list all spells.
Your hands begin to glow red.
You hit the deep elf master archer but do no damage.
The deep elf master archer completely misses you.
Your unstable footing causes you to fumble your attack.
The deep elf master archer wields a +0 longbow.
The deep elf master archer shoots an arrow.
The arrow hits you!
You die...

##*,,###..#+###..≈#§§.§.§....#§§#
#***,,*##...#M≈..##.....§§...##○#
#,,*,,*,###.#M≈..#....§.§.....#○#
#,,,,,,,,,#.###..#.....)..§...#○#
#,,,,,,,,,#.#,+..##..........##.#
',,,,,,####'#,##'##..........#..#
##,,,###....#,#§§§##........##..#
.#####...####,#§§§§##...)[.##...#
...)...###,,^,#§@§§§########.○..#
...#####,,^,**##e§§§#≈≈≈≈≈#.°.○.#
).##,,,,^,,,*,,#§§§§'≈≈)≈≈°°○...#
.##,,,,,,,,,#..§##§§#≈≈≈≈≈#°☼°..#
.#,^,,,,,,,,#.$$,######?#####°≈≈#
##****,,,,,^#$$$,#≈≈≈≈§≈≈≈≈≈##≈≈#
≈≈≈≈d*,,^^,,####*##≈≈§§§≈≈≈≈≈≈≈≈#
#####*^,,,,,',,*)='$$.≈≈≈≈≈≈≈#≈≈#
.+,,,,,,,,,,*,,':|#$$$$$.$$≈≈≈#≈#


You could see a deep elf master archer.

Vanquished Creatures
  the Lernaean hydra (D)
  A golden dragon (D)
  A shadow dragon (D)
  4 fire giants (D)
  A deep elf annihilator (D)
  A hydra (D)
  2 centaur warriors (D)
  Sonja (D)
  A deep troll (D)
  A lindwurm (D)
  2 oklob plants (D)
  8 shining eyes (D)
  2 merfolk sirens (D)
  2 gargoyles (D)
  4 demonic crawlers (D)
  7 unseen horrors (D)
  2 kobold demonologists (D)
  A hellwing (D)
  5 hornets (D)
  A slime creature (D)
  Sigmund (D)
  A yak (D)
  2 redbacks (D)
  13 hogs (D)
  7 floating eyes (D)
  An ogre (D)
  7 necrophages (D)
  8 jellies (D)
  Ijyb (D)
  A ballistomycete spore (D)
90 creatures vanquished.

Vanquished Creatures (others)
  A dancing weapon (D)
  A ballistomycete spore (D)
2 creatures vanquished.

Grand Total: 92 creatures vanquished

Notes
Turn   | Place    | Note
-------+----------+-------------------------------------------
     0 | D        | mhtbhm the Spriggan Enchanter began the quest for the Orb.
     0 | D        | Reached XP level 1. HP: 9/9 MP: 5/5
     2 | D        | Noticed Ijyb
     9 | D        | Killed Ijyb
    10 | D        | Reached skill level 6 in Stealth
    10 | D        | Reached skill level 5 in Hexes
    10 | D        | Reached XP level 2. HP: 13/13 MP: 5/7
    59 | D        | Learned a level 2 spell: Ensorcelled Hibernation
    60 | D        | Noticed an ogre
    63 | D        | Killed an ogre
    64 | D        | Reached skill level 9 in Stealth
    64 | D        | Reached XP level 3. HP: 16/16 MP: 6/10
    64 | D        | Reached XP level 4. HP: 21/21 MP: 6/11
   111 | D        | Learned a level 3 spell: Confusing Touch
   115 | D        | Learned a level 3 spell: Tukima's Dance
   119 | D        | Learned a level 3 spell: Dazzling Flash
   119 | D        | Noticed Sigmund
   123 | D        | Killed Sigmund
   124 | D        | Reached skill level 5 in Dodging
   124 | D        | Reached skill level 11 in Stealth
   124 | D        | Reached XP level 5. HP: 24/24 MP: 9/14
   124 | D        | Reached XP level 6. HP: 28/28 MP: 10/16
   137 | D        | Found an ornate altar of the Wu Jian Council.
   137 | D        | Found a shimmering blue altar of Sif Muna.
   139 | D        | Found a radiant altar of Vehumet.
   144 | D        | Reached skill level 12 in Stealth
   144 | D        | Reached skill level 10 in Hexes
   145 | D        | Found Puomp's Armour Emporium.
   145 | D        | Found an ancient bone altar of Kikubaaqudgha.
   145 | D        | Found a hazy altar of Hepliaklqana.
   145 | D        | Found a stormy altar of Qazlal.
   145 | D        | Found a hide-covered altar of Uskayaw.
   145 | D        | Found a blossoming altar of Fedhas.
   145 | D        | Found a bloodstained altar of Trog.
   145 | D        | Found an iron altar of Okawaru.
   145 | D        | Found a basalt altar of Yredelemnul.
   145 | D        | Found a glowing golden altar of the Shining One.
   145 | D        | Found a snail-covered altar of Cheibriados.
   145 | D        | Found a sacrificial altar of Ru.
   145 | D        | Found a glowing silver altar of Zin.
   145 | D        | Found a shadowy altar of Dithmenos.
   145 | D        | Found a white marble altar of Elyvilon.
   145 | D        | Noticed a yak
   146 | D        | Found an opulent altar of Gozag.
   147 | D        | Killed a yak
   148 | D        | Reached skill level 13 in Stealth
   148 | D        | Reached skill level 1 in Ice Magic
   148 | D        | Found a sparkling altar of Nemelex Xobeh.
   156 | D        | Became a worshipper of Dithmenos the Shadowed
   198 | D        | Found a burning altar of Makhleb.
   198 | D        | Found a viscous altar of Jiyva.
   198 | D        | Found a shimmering altar of Xom.
   198 | D        | Found a corrupted altar of Lugonu.
   198 | D        | Noticed a slime creature
   201 | D        | Killed a slime creature
   202 | D        | Reached skill level 14 in Stealth
   202 | D        | Reached XP level 7. HP: 32/32 MP: 19/19
   215 | D        | Noticed a kobold demonologist
   216 | D        | Noticed a kobold demonologist
   219 | D        | Reached skill level 15 in Stealth
   219 | D        | Killed a kobold demonologist
   219 | D        | Reached * piety under Dithmenos
   221 | D        | Killed a kobold demonologist
   222 | D        | Reached skill level 16 in Stealth
   222 | D        | Reached XP level 8. HP: 36/36 MP: 21/21
   239 | D        | Noticed Sonja
   245 | D        | Killed Sonja
   246 | D        | Reached skill level 17 in Stealth
   246 | D        | Reached skill level 5 in Invocations
   558 | D        | Found Aczu Puc's Jewellery Boutique.
   566 | D        | Bought a ring of poison resistance for 240 gold pieces
   579 | D        | Noticed a deep troll
   583 | D        | Killed a deep troll
   583 | D        | Reached ** piety under Dithmenos
   584 | D        | Reached skill level 5 in Short Blades
   584 | D        | Reached skill level 18 in Stealth
   584 | D        | Reached XP level 9. HP: 39/39 MP: 21/23
   593 | D        | Found Ekhoecki's Armour Emporium.
   627 | D        | Noticed a centaur warrior
   628 | D        | Noticed a centaur warrior
   630 | D        | Killed a centaur warrior
   631 | D        | Reached skill level 19 in Stealth
   631 | D        | Killed a centaur warrior
   632 | D        | Reached skill level 20 in Stealth
   644 | D        | Reached *** piety under Dithmenos
   655 | D        | Noticed an oklob plant
   874 | D        | Killed an oklob plant
   875 | D        | Reached skill level 21 in Stealth
   875 | D        | Reached skill level 10 in Spellcasting
   875 | D        | Reached XP level 10. HP: 29/44 MP: 21/25
  1114 | D        | Reached **** piety under Dithmenos
  1115 | D        | Reached skill level 22 in Stealth
  1133 | D        | Paralysed by a floating eye for 3 turns
  1160 | D        | Reached ***** piety under Dithmenos
  1228 | D        | Reached skill level 23 in Stealth
  1267 | D        | Reached ****** piety under Dithmenos
  1301 | D        | Found Iprul's Jewellery Shoppe.
  1301 | D        | Found Zered's Jewellery Shop.
  1301 | D        | Found Zarhuynel's Armour Boutique.
  1303 | D        | Found Neduub's Distillery.
  1303 | D        | Found Uneiw's Magic Scroll Shop.
  1303 | D        | Found Weuloe's Book Shoppe.
  1303 | D        | Found Icuhyuro's Antique Armour Boutique.
  1303 | D        | Found Lamny's Antique Armour Emporium.
  1303 | D        | Found Unoubet's Weapon Shop.
  1303 | D        | Found Ivelex Miere's Magic Scroll Shoppe.
  1326 | D        | Found Moraz's Antique Armour Boutique.
  1327 | D        | Found Xymeq's Distillery.
  1327 | D        | Found Uhuretoq's Antique Weapon Boutique.
  1328 | D        | Found Figoejos's Armour Emporium.
  1333 | D        | Bought a scroll of blinking for 82 gold pieces
  1333 | D        | Bought a scroll of blinking for 82 gold pieces
  1339 | D        | Bought a potion of heal wounds for 65 gold pieces
  1339 | D        | Bought a potion of heal wounds for 65 gold pieces
  1339 | D        | Bought a potion of haste for 130 gold pieces
  1346 | D        | Bought a scroll of blinking for 105 gold pieces
  1347 | D        | Bought a potion of invisibility for 80 gold pieces
  1354 | D        | Bought a ring of protection from fire for 300 gold pieces
  1389 | D        | Bought the +2 hood of the Assassin {Detection Stab+
                  | Stlth++} for 840 gold pieces
  1389 | D        | Found the +2 hood of the Assassin {Detection Stab+ Stlth++}
  1432 | D        | Reached skill level 15 in Hexes
  1783 | D        | Noticed a gargoyle
  1786 | D        | Killed a gargoyle
  1787 | D        | Reached skill level 1 in Fighting
  1808 | D        | Noticed a lindwurm
  1820 | D        | Killed a lindwurm
  1821 | D        | Reached skill level 24 in Stealth
  2432 | D        | Reached skill level 10 in Invocations
  2666 | D        | Reached XP level 11. HP: 49/49 MP: 27/27
  2674 | D        | Reached skill level 25 in Stealth
  2675 | D        | Reached skill level 10 in Dodging
  2681 | D        | Noticed a 12-headed hydra
  2683 | D        | Killed a 12-headed hydra
  2684 | D        | Reached skill level 1 in Conjurations
  2848 | D        | Noticed a shadow dragon
  2848 | D        | Noticed a golden dragon
  2850 | D        | Killed a shadow dragon
  2851 | D        | Reached skill level 26 in Stealth
  2852 | D        | Killed a golden dragon
  2853 | D        | Reached skill level 27 in Stealth
  2918 | D        | Found Jurotenn's Book Shoppe.
  2937 | D        | Bought a book of Burglary for 220 gold pieces
  2940 | D        | Learned a level 2 spell: Passwall
  2944 | D        | Learned a level 3 spell: Swiftness
  2960 | D        | Noticed a deep elf annihilator
  2960 | D        | Noticed an oklob plant
  2960 | D        | Noticed a mummy priest
  2960 | D        | Killed a deep elf annihilator
  3346 | D        | Noticed a daeva
  3355 | D        | Reached skill level 1 in Earth Magic
  3360 | D        | Reached XP level 12. HP: 56/56 MP: 28/30
  3369 | D        | Noticed a fire giant
  3370 | D        | Noticed a fire giant
  3370 | D        | Noticed a fire giant
  3370 | D        | Noticed a fire giant
  3371 | D        | Killed a fire giant
  3372 | D        | Reached skill level 1 in Transmutations
  3373 | D        | Killed a fire giant
  3375 | D        | Killed a fire giant
  3377 | D        | Killed a fire giant
  3387 | D        | Found the +4 dragonskin cloak
  3387 | D        | Noticed Tiamat
  3671 | D        | Bought the +2 robe of the Garden {rC+ Dex+3} for 372 gold
                  | pieces
  3677 | D        | Bought a potion of curing for 30 gold pieces
  3677 | D        | Bought a potion of curing for 30 gold pieces
  3678 | D        | Bought a scroll of fear for 49 gold pieces
  3683 | D        | Bought a scroll of enchant weapon for 82 gold pieces
  3707 | D        | Bought a scroll of poison for 38 gold pieces
  3763 | D        | Gained mutation: You occasionally lose the ability to drink
                  | potions when taking damage. [a shining eye]
  3767 | D        | Paralysed by a floating eye for 2 turns
  3772 | D        | Gained mutation: You sometimes lose the ability to drink
                  | potions when taking damage. [a shining eye]
  3773 | D        | Paralysed by a floating eye for 4 turns
  3774 | D        | Gained mutation: Your magical capacity is low. (-10% MP) [a
                  | shining eye]
  3778 | D        | Gained mutation: You are frail. (-10% HP) [a shining eye]
  3781 | D        | Reached skill level 15 in Invocations
  3784 | D        | Paralysed by a floating eye for 4 turns
  3803 | D        | Lost mutation: You are frail. (-10% HP) [potion of
                  | mutation]
  3803 | D        | Lost mutation: Your magical capacity is low. (-10% MP)
                  | [potion of mutation]
  3803 | D        | Lost mutation: You sometimes lose the ability to drink
                  | potions when taking damage. [potion of mutation]
  3803 | D        | Gained mutation: You tend to lose your temper in combat.
                  | [potion of mutation]
  3803 | D        | Gained mutation: You are strong-willed. (Will+) [potion of
                  | mutation]
  3803 | D        | Lost mutation: You tend to lose your temper in combat.
                  | [potion of mutation]
  3839 | D        | Found Reovomor's Armour Shop.
  3839 | D        | Found Bode's Magic Scroll Shoppe.
  3839 | D        | Found Norucuh's Antique Armour Boutique.
  3839 | D        | Found Pierroc's Armour Emporium.
  3864 | D        | Bought a scroll of fog for 28 gold pieces
  3864 | D        | Bought a scroll of blinking for 105 gold pieces
  3864 | D        | Bought a scroll of identify for 28 gold pieces
  4071 | D        | Reached skill level 10 in Short Blades
  4187 | D        | Noticed the 27-headed Lernaean hydra
  4188 | D        | Noticed a deep elf master archer
  4189 | D        | Killed the 27-headed Lernaean hydra
  4190 | D        | Reached skill level 15 in Spellcasting
  4190 | D        | Reached skill level 1 in Evocations
  5187 | D        | Shot with an arrow by a deep elf master archer

Illustrated notes

Levels and vault maps discovered:
D:        dungeon_sprint_1 [red_sonja_temple_1, red_sonja_temple_small_1]

Skill      XL: |  1  2  3  4  5  6  7  8  9 10 11 12 |
---------------+-------------------------------------+-----
Dodging        | 3 4 5 7 8 9 11 | 11.6
Stealth        | 6 9 11 14 16 18 21 24 27 | 27.0
Spellcasting   | 3 4 6 7 8 9 10 11 13 15 | 15.3
Hexes          | 5 7 9 11 12 13 14 15 17 | 17.1
Short Blades   | 2 3 4 5 6 7 8 10 | 10.9
Ice Magic      | 1 2 3 4 |  4.3
Invocations    | 2 4 6 8 10 13 15 | 15.8
Fighting       | 1 3 4 |  4.5
Conjurations   | 2 3 |  3.2
Earth Magic    | 1 3 |  3.7
Transmutations | 3 |  3.4
Evocations     | 1 |  1.6

Action                   |  1- 3 |  4- 6 |  7- 9 | 10-12 || total
-------------------------+-------+-------+-------+-------++-------
Melee: Dagger            |     5 |     4 |    17 |    81 ||   107
       Punch             |       |       |       |     4 ||     4
       Rapier            |       |       |       |    63 ||    63
 Cast: Ensorcelled Hiber |     1 |     1 |     1 |     7 ||    10
       Tukima's Dance    |       |       |     1 |     5 ||     6
       Confusing Touch   |       |       |     1 |     7 ||     8
       Dazzling Flash    |       |       |       |    16 ||    16
       Passwall          |       |       |       |     5 ||     5
Invok: Shadow Step       |       |       |       |    11 ||    11
Evoke: Lightning rod     |       |       |       |     4 ||     4
  Use: Potion            |     1 |       |       |     5 ||     6
       Scroll            |       |       |     1 |     5 ||     6
 Stab: Sleeping          |     2 |     4 |     9 |    58 ||    73
       Confused          |       |       |     2 |     6 ||     8
       Invisible         |       |       |       |     5 ||     5
       Distracted        |       |       |       |     2 ||     2
Armor: Robe              |       |       |       |     5 ||     5
Dodge: Dodged            |     3 |       |       |   102 ||   105

Table legend: (Time is in decaauts)
 A = Elapsed time spent in this place.
 B = Non-inter-level travel time spent in this place.
 C = Inter-level travel time spent in this place.
 D = Time resting spent in this place.
 E = Time spent auto-exploring this place.
 F = Levels seen in this place.
 G = Mean time per level.
                   A        B        C        D        E       F      G
               +--------+--------+--------+--------+--------+-----+--------+
         Total |   4545 |   4491 |     54 |   3074 |      0 |   1 | 4545.0 |
       Dungeon |   4545 |   4491 |     54 |   3074 |      0 |   1 | 4545.0 |
               +--------+--------+--------+--------+--------+-----+--------+

Top non-repeatable levels by time:
       D: 4545 daAuts
